 Dungeon Crawl Stone Soup version 0.27.1-2-g3b301248ec (webtiles) character file.

Game seed: 14305330651756707116

225 Descartes the Covert (level 5, 0/27 HPs)
             Began as a Spriggan Delver on Sept 24, 2021.
             Killed from afar by an orc wizard (4 damage)
             ... with a puff of flame
             ... on level 2 of the Dungeon.
             The game lasted 00:12:12 (3823 turns).

Descartes the Covert (Spriggan Delver)              Turns: 3823, Time: 00:12:13

Health: 0/27       AC:  5    Str: 15    XL:     5   Next: 68%
Magic:  9/9        EV: 19    Int: 12    God:
Gold:   131        SH:  0    Dex: 16    Spells: 5/8 levels left

rFire    . . .     SeeInvis +   a - +0 short sword
rCold    . . .     Faith    .   (shield restricted)
rNeg     . . .     Spirit   .   r - +2 robe {Archmagi}
rPois    .         Reflect  .   (helmet restricted)
rElec    .         Harm     .   w - +0 cloak
rCorr    .         Rampage  .   (gloves unavailable)
Will     .....     Archmagi +   (boots unavailable)
Stlth    ++++......             (no amulet)
HPRegen  0.09/turn              h - +6 ring of strength
MPRegen  0.11/turn              (no ring)

@: studying Spellcasting, very quick
A: very small, no large weapons, unfitting armour, see invisible, speed 3
a: no special abilities


You were on level 2 of the Dungeon.
You visited 1 branch of the dungeon, and saw 5 of its levels.

You collected 131 gold pieces.

Inventory:

Hand Weapons
 a - a +0 short sword (weapon)
 v - a +3 quarterstaff of chaos
Missiles
 i - 88 stones (quivered)
 j - 7 curare-tipped darts
 l - 18 arrows
 q - 15 poisoned darts
 t - 16 bolts
 u - 4 boomerangs
Armour
 r - a +2 robe of the Archmagi (worn)
 w - a +0 cloak (worn)
Jewellery
 h - a +6 ring of strength (left hand)
Wands
 g - a wand of digging (3)
Scrolls
 c - a scroll of fog
 d - 2 scrolls of magic mapping
 e - a scroll of fear
 n - 6 scrolls of identify {unknown}
 p - a scroll of noise {unknown}
 s - 2 scrolls of immolation {unknown}
Potions
 f - 3 potions of haste
 k - 4 potions of heal wounds {unknown}
 m - a potion of lignification {unknown}
 o - a potion of berserk rage {unknown}


   Skills:
 - Level 2.4 Fighting
 + Level 3.6 Short Blades
 + Level 4.4 Dodging
 * Level 9.4 Stealth
 + Level 2.0 Spellcasting
 + Level 1.0 Hexes
 + Level 0.1 Evocations


You had 5 spell levels left.
You knew the following spells:

 Your Spells              Type           Power      Damage    Failure   Level
a - Dazzling Flash        Conj/Hex       6%         N/A       54%         3

Your spell library contained the following spells:

 Spells                   Type           Power      Damage    Failure   Level
 Iskenderun's Mystic Bla  Conj/Tloc      1%         2d3       95%         4
 Starburst                Conj/Fire      0%         6d3       100%        6


Dungeon Overview and Level Annotations

Branches:
Dungeon (5/15)
 Temple: D:4-7

Altars:


Innate Abilities, Weirdness & Mutations

You are very small and have problems with some larger weapons.
You are too small for most types of armour.
You have supernaturally acute eyesight. (SInv)
You cover ground extremely quickly. (Speed+++)


Message History

The orc is almost dead.
The orc wizard hits you with a +1 dagger of speed.
The orc barely misses you.
The orc wizard hits you with a +1 dagger of speed.
You hit the orc.
You kill the orc!
The orc wizard hits you but does no damage.
You closely miss the orc wizard. The orc wizard completely misses you.
The orc wizard hits you but does no damage.
You hit the orc wizard but do no damage.
The orc wizard barely misses you.
You closely miss the orc wizard. The orc wizard casts a spell at you.
You easily resist.
You hit the orc wizard.
The orc wizard is lightly wounded.
The orc wizard hits you with a +1 dagger of speed.
You hit the orc wizard but do no damage.
The orc wizard is lightly wounded.
The orc wizard barely misses you.
You hit the orc wizard but do no damage.
The orc wizard is lightly wounded.
The orc wizard points at you and mumbles some strange words.
The puff of flame hits you!
* * * LOW HITPOINT WARNING * * *
You hit the orc wizard but do no damage.
The orc wizard is lightly wounded.
The orc wizard barely misses you.
The orc wizard hits you but does no damage.
You hit the orc wizard.
The orc wizard is heavily wounded.
The orc wizard barely misses you.
You closely miss the orc wizard.
The orc wizard is heavily wounded.
The orc wizard hits you but does no damage.
The orc wizard gestures wildly while chanting.
The orc wizard flickers and vanishes for a moment.
The orc wizard points at you and mumbles some strange words.
The puff of flame hits you.
You die...

#.##.#................
####.##.#................
###....##.#................
###................#........#
#......####.#...........##..#
#..###.####.#.......###>)#..#
##.###......#...#.#####.)....
##..######..#####.####..#....
#...........@......o...#..#..
#..........####.......#......
#..........# #........).....
#..........# ##..............
#..........###....>..........
#.....<....##................
####.#.######.#...........)..
#...### ##.#..............
##....###..#..............


You could see an orc wizard (invisible).

Vanquished Creatures
  An ogre (D:5)
  Crazy Yiuf (D:2)
  Jessica (D:1)
  An orc wizard (D:2)
  An adder (D:3)
  3 worms
  A dart slug (D:2)
  An orc (D:2)
  5 endoplasms
  A giant cockroach (D:2)
  4 goblins
  4 hobgoblins
  4 jackals (D:3)
  5 kobolds
  3 quokkas (D:2)
  5 ball pythons
  4 bats
  3 frilled lizards
  6 rats
54 creatures vanquished.

Notes
Turn   | Place    | Note
-------+----------+-------------------------------------------
     0 | D:5      | Descartes the Spriggan Delver began the quest for the Orb.
     0 | D:5      | Reached XP level 1. HP: 11/11 MP: 2/2
    47 | D:5      | Noticed a scorpion
    71 | D:5      | Noticed an ogre
   107 | D:5      | Killed an ogre
   108 | D:5      | Reached skill level 8 in Stealth
   108 | D:5      | Reached XP level 2. HP: 16/16 MP: 3/3
   108 | D:5      | Reached XP level 3. HP: 19/19 MP: 4/4
   108 | D:5      | Reached XP level 4. HP: 23/23 MP: 5/5
   151 | D:4      | Noticed an ogre
  1163 | D:3      | Noticed an ice beast
  1180 | D:3      | Reached skill level 9 in Stealth
  1494 | D:2      | Learned a level 3 spell: Dazzling Flash
  1775 | D:2      | Noticed Jessica
  1860 | D:1      | Killed Jessica
  1861 | D:1      | Reached skill level 1 in Spellcasting
  1861 | D:1      | Reached XP level 5. HP: 9/27 MP: 5/7
  3418 | D:2      | Found a runed translucent door.
  3419 | D:2      | Noticed Crazy Yiuf
  3426 | D:2      | Killed Crazy Yiuf
  3800 | D:2      | Reached skill level 1 in Hexes
  3823 | D:2      | Killed from afar by an orc wizard

Illustrated notes

Levels and vault maps discovered:
D:1:      eino_arrival_tree_alley, layout_basic
D:2:      layout_rooms, uniq_jessica, uniq_crazy_yiuf_cottage
D:3:      layout_basic, lemuel_crystal_altar, minmay_fountain_box,
          wander_ebering_terrifying_dragon_lair
D:4:      layout_basic, chequers_serial_rivers_micro_e,
          kennysheep_cluttered_room, st_stairs_6, minmay_ogre_servants
D:5:      layout_rooms

Skill      XL: |  1  2  3  4  5 |
---------------+----------------+-----
Short Blades   | 3 |  3.6
Dodging        | 3 4 |  4.4
Stealth        | 8 9 |  9.4
Spellcasting   | 1 2 |  2.0
Hexes          | 1 |  1.0
Fighting       | |  2.4
Evocations     | |  0.1

Action                   |  1- 3 |  4- 6 || total
-------------------------+-------+-------++-------
Melee: Short sword       |     3 |   220 ||   223
  Use: Potion            |       |     1 ||     1
 Stab: Sleeping          |     1 |    17 ||    18
       Distracted        |       |     1 ||     1
Armor: Robe              |       |    19 ||    19
Dodge: Dodged            |     2 |   163 ||   165
